 Dungeon Crawl Stone Soup version 0.30-a0-374-g95c0257040 (webtiles) character file.

Game seed: 4836547248138165530

42 Uniporpoise the Sneak (level 3, -4/40 HPs)
             Began as a Demonspawn Brigand on Nov 26, 2022.
             Slain by Crazy Yiuf
             ... wielding a +3 quarterstaff of chaos
              (10 damage)
             ... on level 2 of the Dungeon.
             The game lasted 00:03:33 (1357 turns).

Uniporpoise the Sneak (Demonspawn Brigand)          Turns: 1357, Time: 00:03:33

Health: -4/40      AC: 21    Str: 13    XL:     3   Next: 35%
Magic:  4/4        EV:  2    Int: 12    God:
Gold:   146        SH:  0    Dex: 16    Spells: 1/3 levels left

rFire   + . .      SeeInvis +    p - +6 dagger of Impatience {vorpal, Str+2 SInv}
rCold   + . .      Faith    .    (no shield)
rNeg    . . .      Spirit   .    (body armour currently unavailable)
rPois   +          Reflect  .    (helmet currently unavailable)
rElec   +          Harm     .    (cloak currently unavailable)
rCorr   +          Rampage  .    (gloves currently unavailable)
Will    .....      NoTele   +    (boots currently unavailable)
Stlth   +++.......               (no amulet)
HPRegen 0.26/turn                (no ring)
MPRegen 0.09/turn                (no ring)

@: tree-form, resistant
A: stationary, stasis, torment immunity, boosted hp, (hooves 1), powered by
death 1
a: no special abilities


You were on level 2 of the Dungeon.
You were a tree.
You visited 1 branch of the dungeon, and saw 2 of its levels.

You collected 146 gold pieces.

Inventory:

Hand Weapons
 a - a +2 dagger
 p - the +6 dagger of Impatience (weapon) {vorpal, Str+2 SInv}
   (You found it on level 2 of the Dungeon)

   It inflicts extra damage upon your enemies.
   Str:       It affects your strength (+2).
   SInv:      It lets you see invisible.
Missiles
 d - 5 poisoned darts (quivered)
 e - 3 curare-tipped darts
Armour
 b - a +0 robe (melded)
 c - a +0 cloak
 g - a scarf of harm
 o - a +0 cloak (melded)
Magical Staves
 i - a staff of conjuration
Scrolls
 f - 6 scrolls of identify {unknown}
 j - a scroll of noise {unknown}
 m - 2 scrolls of blinking {unknown}
 n - a scroll of teleportation {unknown}
 q - a scroll of enchant armour {unknown}
 r - a scroll of amnesia {unknown}
 s - a scroll of brand weapon {unknown}
Potions
 k - a potion of resistance
 l - a potion of haste {unknown}
 t - a potion of might {unknown}


   Skills:
 + Level 2.2 Fighting
 * Level 2.3 Short Blades
 - Level 1.7 Throwing
 + Level 0.4 Armour
 - Level 1.1 Dodging
 * Level 4.0 Stealth
 + Level 0.7 Spellcasting
 + Level 0.0 Hexes
 + Level 0.3 Ice Magic


You had one spell level left.
You knew the following spells:

 Your Spells              Type           Power      Damage    Failure   Level
a - Ensorcelled Hibernat  Hex/Ice        0%         N/A       41%         2

Your spell library contained the following spells:

 Spells                   Type           Power      Damage    Failure   Level
 Passwall                 Tmut/Erth      0%         N/A       43%         2
 Gell's Gravitas          Tloc           0%         N/A       67%         3
 Swiftness                Air            0%         N/A       67%         3
 Teleport Other           Tloc           0%         N/A       67%         3
 Dispersal                Tloc           0%         N/A       100%        6


Dungeon Overview and Level Annotations

Branches:
Dungeon (2/15)

Altars:

Annotations:
D:2 Crazy Yiuf


Innate Abilities, Weirdness & Mutations

You are a tree.
Your roots penetrate the ground, keeping you stationary.
You cannot be teleported.
You are immune to unholy pain and torment.
Your maximum health is greatly increased.
Your equipment is partially melded.
((You have large cloven feet.))
You regenerate a little health from kills.


Message History

You hit the ball python.
You kill the ball python!
You see here a ball python corpse.
Magic restored.
You now have 127 gold pieces (gained 16).
t - a fuming coppery potion You now have 139 gold pieces (gained 12).
You now have 146 gold pieces (gained 7).
You see here a giant cockroach corpse.
There is a stone staircase leading up here.
Crazy Yiuf shouts!
Could not explore, unopened runed door.
Could not explore, unopened runed door.
Casting: Ensorcelled Hibernation (quite dangerous; 41% risk of failure)
Confirm with . or Enter, or press ? or * to list all spells.
Okay, then.
Crazy Yiuf laughs, "Rot toodlewoodle wrapper!"
Could not explore, unopened runed door.
You open the door.
Crazy Yiuf twirls on the spot.
Okay, then.
You puncture Crazy Yiuf! Your kick misses Crazy Yiuf.
Crazy Yiuf is moderately wounded.
Crazy Yiuf barely misses you.
You hit Crazy Yiuf but do no damage. You kick Crazy Yiuf, but do no damage.
Crazy Yiuf is moderately wounded.
Crazy Yiuf hits you with a +3 quarterstaff of chaos.
You hit Crazy Yiuf. You kick Crazy Yiuf, but do no damage.
Crazy Yiuf is heavily wounded.
Crazy Yiuf hits you with a +3 quarterstaff of chaos.
You convulse.
It was a potion of resistance.
You feel protected.
Crazy Yiuf hits you with a +3 quarterstaff of chaos!
* * * LOW HITPOINT WARNING * * *
It was a potion of lignification.
You turn into a tree.
Your +0 cloak melds into your body.
Your +0 robe melds into your body.
Your roots penetrate the ground.
Crazy Yiuf hits you with a +3 quarterstaff of chaos!
You die...

...# #.####....#
#..# ##.# #....#
##.## ###..#
♣.P..♣ #..###....#
♣♣...♣ #..##..####
♣♣.♣♣ #..##.##
♣♣.♣ #..##.# ♣.♣♣
#..##.# ♣♣.♣
##..##.# ### ♣♣♣♣
....##<# #.# #g#
...>...# #.# ...
###.#### #.# #...#
# #.# #.# #)..#
#.### #.# #####
#...## #.# #.#..#
#.########
#.##.###....#)..##


You could see Crazy Yiuf.

Vanquished Creatures
  2 dart slugs
  4 ball pythons
  4 bats
  4 endoplasms
  A giant cockroach (D:2)
  3 goblins
  A hobgoblin (D:1)
  6 jackals (D:1)
  A frilled lizard (D:1)
  4 kobolds
  4 rats
34 creatures vanquished.

Notes
Turn   | Place    | Note
-------+----------+-------------------------------------------
     0 | D:1      | Uniporpoise the Demonspawn Brigand began the quest for the
                  | Orb.
     0 | D:1      | Reached XP level 1. HP: 16/16 MP: 1/1
   233 | D:1      | Reached skill level 1 in Dodging
   265 | D:1      | Gained mutation: You have large cloven feet. [demonic
                  | ancestry]
   265 | D:1      | Reached XP level 2. HP: 22/22 MP: 2/2
   840 | D:1      | Learned a level 2 spell: Ensorcelled Hibernation
   904 | D:2      | Identified the +6 dagger of Impatience {vorpal, Str+2 SInv}
   912 | D:2      | Gained mutation: You regenerate a little health from kills.
                  | [demonic ancestry]
   912 | D:2      | Reached XP level 3. HP: 27/27 MP: 3/3
   986 | D:2      | Reached skill level 4 in Stealth
  1170 | D:2      | Found a runed translucent door.
  1171 | D:2      | Noticed Crazy Yiuf
  1357 | D:2      | Slain by Crazy Yiuf

Illustrated notes

Levels and vault maps discovered:
D:1:      dpeg_arrival_concentric_ovals, layout_loops_ring
D:2:      layout_rooms, uniq_crazy_yiuf_cottage

Skill      XL: |  1  2  3 |
---------------+----------+-----
Dodging        | 1 |  1.1
Short Blades   | 2 |  2.3
Stealth        | 4 |  4.0
Fighting       | |  2.2
Throwing       | |  1.7
Armour         | |  0.4
Spellcasting   | |  0.7
Ice Magic      | |  0.3

Action                   || total
-------------------------++-------
Melee: Dagger            ||    71
       Kick              ||    17
       Punch             ||     1
Throw: Dart              ||    23
  Use: Potion            ||     2
 Stab: Sleeping          ||     4
Armor: Robe              ||    19
Dodge: Dodged            ||    44

Table legend: (Time is in decaauts)
 A = Elapsed time spent in this place.
 B = Non-inter-level travel time spent in this place.
 C = Inter-level travel time spent in this place.
 D = Time resting spent in this place.
 E = Time spent auto-exploring this place.
 F = Levels seen in this place.
 G = Mean time per level.
                   A        B        C        D        E       F      G
               +--------+--------+--------+--------+--------+-----+--------+
         Total |   1347 |   1299 |     48 |      0 |    973 |   2 |  673.5 |
       Dungeon |   1347 |   1299 |     48 |      0 |    973 |   2 |  673.5 |
               +--------+--------+--------+--------+--------+-----+--------+

Top non-repeatable levels by time:
     D:1: 883 daAuts
     D:2: 464 daAuts
